 Dungeon Crawl Stone Soup version 0.13.0-19-g8e0b589 (webtiles) character file.

302 Malachi the Skirmisher (level 5, -6/45 (46) HPs)
             Began as a Ghoul Fighter on Oct 24, 2013.
             Mangled by a killer bee (8 damage)
             ... on Level 3 of the Dungeon.
             The game lasted 00:02:52 (1550 turns).

Malachi the Skirmisher (Ghoul Fighter)              Turns: 1550, Time: 00:02:53

HP  -6/45 (46)   AC  9     Str 26      XL: 5   Next: 75%
MP   3/3         EV  7     Int  3      God:
Gold 106         SH 19     Dex  8      Spells:  0 memorised,  4 levels left

Res.Fire  : . . .   See Invis. : .   a - +0 trident
Res.Cold  : + . .   Warding    : .   b - +0 scale mail
Life Prot.: + + +   Conserve   : .   c - +0 shield
Res.Poison: +       Res.Corr.  : .   p - +0 golden helmet
Res.Elec. : .       Clarity    : .   q - +0 cloak
Sust.Abil.: . .     Spirit.Shd : .   (no gloves)
Res.Mut.  : .       Stasis     : .   (no boots)
Res.Rott. : +       Flight     : .   (no amulet)
Saprovore : + + +                    (no ring)
                                     (no ring)

@: mighty, rotting, slightly resistant to hostile enchantments, extremely
unstealthy
A: rotting body, claws 1, carnivore 3, cold resistance 1, life protection 3,
poison resistance, saprovore 3, slow healing 1, torment resistance, unbreathing
a: no special abilities


You were on level 3 of the Dungeon.
You were not hungry.

You visited 1 branch of the dungeon, and saw 3 of its levels.

You collected 86 gold pieces.

Inventory:

Hand weapons
 a - a +0,+0 trident (weapon)
Armour
 b - a +0 scale mail (worn)
 c - a +0 shield (worn)
 p - a +0 golden helmet (worn)
 q - a +0 cloak (worn)
Comestibles
 k - 3 meat rations
 u - a chunk of quokka flesh
Scrolls
 f - a scroll of magic mapping {unknown}
 l - 2 scrolls of fear {unknown}
 o - a scroll of enchant weapon II {unknown}
 r - 2 scrolls of recharging {unknown}
 t - a scroll of identify {unknown}
Jewellery
 j - an uncursed ring of sustain abilities {unknown}
Potions
 d - 2 potions of poison
 e - a potion of might
 g - a potion of cure mutation {unknown}
 i - 2 potions of curing
 m - a potion of degeneration {unknown}
 n - a potion of heal wounds {unknown}
Books
 h - a book of Death

   Spells                             Type                      Level
   Corpse Rot                         Necromancy                   2
   Sublimation of Blood               Necromancy                   2
   Agony                              Necromancy                   5
   Dispel Undead                      Necromancy                   5
   Excruciating Wounds                Charms/Necromancy            5
   Bolt of Draining                   Conjuration/Necromancy       6


   Skills:
 + Level 3.8 Fighting
 + Level 2.9 Polearms
 + Level 3.7 Armour
 + Level 1.8 Dodging
 + Level 0.2 Stealth
 + Level 3.4 Shields


You had 4 spell levels left.
You didn't know any spells.

Dungeon Overview and Level Annotations

Branches:
Dungeon (3/27)

Altars:
Fedhas
Sif Muna


Innate Abilities, Weirdness & Mutations

Your body is rotting away.
You have sharp fingernails.
You are carnivorous and can eat meat at any time.
Your flesh is cold resistant.
You are immune to negative energy.
Your system is resistant to poisons.
You thrive on rotten meat.
You heal slowly.
You are immune to unholy pain and torment.
You can survive without breathing.


Message History

You block the killer bee's attack.
You miss the killer bee.
The killer bee is heavily wounded.
The killer bee stings you but does no damage.
The killer bee stings you. The killer bee barely misses you.
You hit the killer bee.
The killer bee is severely wounded.
The killer bee stings you but does no damage.
The killer bee stings you.
You barely miss the killer bee.
The killer bee is severely wounded.
The killer bee completely misses you. You block the killer bee's attack.
You closely miss the killer bee.
The killer bee is severely wounded.
The killer bee stings you.
* * * LOW HITPOINT WARNING * * *
The killer bee stings you.
* * * LOW HITPOINT WARNING * * *
The killer bee stings you!
You die... . . #. #. #. #. #k #. #k #. #k #. #. #. #.##################. #(kk@................ ####################. #. #. #. ##

You could see 2 killer bees.

Vanquished Creatures
  3 killer bees (D:3)
  Ijyb (D:2)
  2 adders (D:2)
  A ball python (D:2)
  3 bats
  A giant cockroach (D:2)
  5 goblins
  4 hobgoblins
  3 jackals (D:1)
  A quokka (D:3)
  2 giant newts
  5 kobolds
  6 rats
37 creatures vanquished.

Notes
Turn   | Place    | Note
--------------------------------------------------------------
     0 | D:1      | Malachi, the Ghoul Fighter, began the quest for the Orb.
     0 | D:1      | Reached XP level 1. HP: 19/19 MP: 0/0
   388 | D:1      | Reached XP level 2. HP: 18/25 MP: 1/1
   597 | D:2      | Found a deep blue altar of Sif Muna.
   808 | D:2      | Noticed Ijyb
   828 | D:2      | Killed Ijyb
   828 | D:2      | Reached XP level 3. HP: 30/33 MP: 2/2
   999 | D:2      | Reached XP level 4. HP: 33/39 MP: 2/2
  1325 | D:2      | Found a blossoming altar of Fedhas.
  1533 | D:3      | Reached skill level 1 in Dodging
  1537 | D:3      | Reached XP level 5. HP: 15/45 MP: 3/3
  1550 | D:3      | HP: 2/45 [killer bee (6)]
  1550 | D:3      | Mangled by a killer bee

Action                   |  1- 3 |  4- 6 || total
-------------------------+-------+-------++-------
Melee: Trident           |   117 |    39 ||   156
Throw: Javelin           |       |     8 ||     8
  Use: Scroll            |     3 |       ||     3
       Potion            |       |     3 ||     3
